 Dungeon Crawl Stone Soup version 0.27.1-1-g398f81649c (webtiles) character file.

Game seed: 11335904223748093315

612 Kangaroobicon the Ruffian (level 7, -4/67 HPs)
             Began as a Troll Monk on Sept 18, 2021.
             Succumbed to a kobold's poison
             ... in a sewer.
             The game lasted 00:22:47 (2462 turns).

Kangaroobicon the Ruffian (Troll Monk)              Turns: 2462, Time: 00:22:47

Health: -4/67      AC:  5    Str: 20    XL:     7   Next: 20%
Magic:  6/6        EV: 11    Int:  7    God:
Gold:   156        SH:  0    Dex: 13    Spells: 6/6 levels left

rFire    . . .     SeeInvis .     - Unarmed
rCold    + . .     Faith    .   (no shield)
rNeg     . . .     Spirit   .   a - +1 robe
rPois    .         Reflect  .   (helmet restricted)
rElec    .         Harm     .   (no cloak)
rCorr    .         Rampage  .   (gloves unavailable)
Will     .....                  (boots unavailable)
Stlth    ++........             (no amulet)
HPRegen  1.21/turn              q - ring of protection from cold
MPRegen  0.10/turn              (no ring)

@: lethally poisoned (-4 -> -22)
A: large, unfitting armour, claws 3, regeneration 1, shaggy fur 1, tough skin 1
a: no special abilities


You were in a sewer.
You visited 1 branch of the dungeon, and saw 4 of its levels.
You also visited: Sewer.

You collected 156 gold pieces.

Inventory:

Hand Weapons
 r - a +4 dagger
Missiles
 b - 134 stones (quivered)
 h - 34 bolts
 i - 37 arrows
 m - 12 sling bullets
 p - 2 throwing nets
Armour
 a - a +1 robe (worn)
Jewellery
 q - a ring of protection from cold (left claw)
Wands
 t - a wand of mindburst (15)
Scrolls
 c - a scroll of amnesia {unknown}
 d - 2 scrolls of identify {unknown}
 f - a scroll of noise {unknown}
 g - 3 scrolls of teleportation {unknown}
 k - a scroll of enchant armour
 n - a scroll of enchant weapon {unknown}
 s - a scroll of silence {unknown}
 u - a scroll of immolation {unknown}
Potions
 e - a potion of brilliance {unknown}
 j - 2 potions of cancellation {unknown}
 l - a potion of degeneration {unknown}
 o - a potion of heal wounds {unknown}


   Skills:
 + Level 3.1 Fighting
 + Level 3.7 Dodging
 + Level 2.1 Stealth
 + Level 6.4 Unarmed Combat


You had 6 spell levels left.
You didn't know any spells.
Your spell library was empty.

Dungeon Overview and Level Annotations

Branches:
Dungeon (4/15)              Sewer (1/1)
 Temple: D:4-7

Altars:


Innate Abilities, Weirdness & Mutations

You are too large for most types of armour.
You have claws for hands.
Your natural rate of healing is unusually fast.
You are covered in fur. (AC +1)
You have tough skin. (AC +1)


Message History

The kobold hits you but does no damage. The kobold closely misses you.
The kobold misses you.
The kobold brigand hits you with a +0 short sword.
You closely miss the kobold brigand.
The kobold brigand is severely wounded.
You feel sick. The kobold closely misses you.
The kobold hits you but does no damage. The kobold hits you with a +0 dagger.
* * * LOW HITPOINT WARNING * * *
The kobold completely misses you.
You claw the kobold brigand!
You kill the kobold brigand!
You feel sick. The kobold closely misses you.
The kobold hits you but does no damage. x2
You claw the kobold!
You kill the kobold!
You feel sick.
The kobold hits you with a +0 short sword.
* * * LOW HITPOINT WARNING * * *
The kobold hits you with a +1 short sword of venom.
* * * LOW HITPOINT WARNING * * *
You are more poisoned.
The kobold closely misses you.
You claw the kobold!
You kill the kobold!
You feel very sick. The kobold closely misses you.
The kobold hits you with a +1 short sword of venom.
* * * LOW HITPOINT WARNING * * *
You are lethally poisoned!
You miss the kobold.
* * * LOW HITPOINT WARNING * * *
You feel very sick.
The kobold hits you with a +0 short sword.
* * * LOW HITPOINT WARNING * * *
The kobold hits you with a +1 short sword of venom.
* * * LOW HITPOINT WARNING * * *
You are more poisoned.
You scratch the kobold.
You kill the kobold!
You die...

≈≈≈≈≈#......#
#≈≈≈#......#
#≈≈≈#≈≈....#
#≈≈≈#≈≈...#
#≈≈≈†≈≈...##
#≈≈≈≈≈≈....#
#≈≈≈#≈...###
#≈≈≈#.)..#
#≈≈≈##)@##
#≈≈≈#!K))#
#≈≈≈#!.).#
#≈≈≈#.∩..#
#≈≈≈#....#
#≈≈≈######
#≈≈≈'...#
#≈≈≈#.∩∩#
#≈≈≈#...#


You could see a kobold.

Vanquished Creatures
  A necrophage (D:4)
  An ogre (D:4)
  A kobold brigand (Sewer)
  2 scorpions
  A howler monkey (D:4)
  A bullfrog skeleton (D:3)
  2 hounds (D:4)
  An iguana (D:2)
  2 adders
  3 dart slugs
  5 orcs (D:3)
  10 ball pythons
  9 bats
  5 endoplasms
  3 giant cockroaches
  3 goblins
  8 hobgoblins
  2 jackals (D:3)
  4 quokkas
  3 frilled lizards
  10 kobolds
  6 rats
83 creatures vanquished.

Vanquished Creatures (others)
  A fungus (Sewer)
  A plant (Sewer)
2 creatures vanquished.

Grand Total: 85 creatures vanquished

Notes
Turn   | Place    | Note
-------+----------+-------------------------------------------
     0 | D:1      | Kangaroobicon the Troll Monk began the quest for the Orb.
     0 | D:1      | Reached XP level 1. HP: 22/22 MP: 0/0
   203 | D:1      | Reached XP level 2. HP: 28/29 MP: 1/1
   451 | D:1      | You fall into a shaft and drop 1 floor!
   751 | D:2      | Reached XP level 3. HP: 36/36 MP: 2/2
  1363 | D:1      | You fall into a shaft and drop 1 floor!
  1405 | D:3      | Reached XP level 4. HP: 44/44 MP: 3/3
  1414 | D:3      | Reached skill level 4 in Unarmed Combat
  1752 | D:3      | Noticed a scorpion
  1758 | D:3      | Killed a scorpion
  1759 | D:3      | Reached XP level 5. HP: 50/52 MP: 4/4
  1785 | D:3      | Found a faded altar of an unknown god.
  2084 | D:4      | Reached skill level 5 in Unarmed Combat
  2113 | D:4      | Noticed a necrophage
  2122 | D:4      | Killed a necrophage
  2123 | D:4      | Reached XP level 6. HP: 55/61 MP: 5/5
  2349 | D:4      | Reached skill level 6 in Unarmed Combat
  2356 | D:4      | Found a glowing drain.
  2370 | D:4      | Reached XP level 7. HP: 6/67 MP: 6/6
  2391 | Sewer    | Entered a sewer
  2461 | Sewer    | HP: 3/67 [kobold (3)]
  2461 | Sewer    | HP: 1/67 [kobold (2)]
  2462 | Sewer    | Succumbed to a kobold's poison

Illustrated notes

Levels and vault maps discovered:
D:1:      minmay_arrival_up_and_down, layout_loops_ring
D:2:      layout_loops_ring, chequers_decorated_corner
D:3:      layout_loops_ring, basic_ecumenical_altar
D:4:      layout_basic, chequers_temple_overflow_statue_of_worship,
          portal_sewer_entry_f, serial_rivers, chequers_serial_rivers_micro_b,
          chequers_serial_rivers_micro_e, chequers_serial_rivers_micro_d,
          chequers_serial_rivers_large_a
Sewer:    kennysheep_pipe_town

Skill      XL: |  1  2  3  4  5  6 |
---------------+-------------------+-----
Unarmed Combat | 4 5 6 |  6.4
Dodging        | 3 |  3.7
Fighting       | 3 |  3.1
Stealth        | 2 |  2.1

Action                   |  1- 3 |  4- 6 |  7- 9 || total
-------------------------+-------+-------+-------++-------
Melee: Unarmed           |    97 |    97 |    25 ||   219
       Punch             |     2 |     4 |     2 ||     8
  Use: Scroll            |     1 |       |       ||     1
 Stab: Sleeping          |     6 |     3 |       ||     9
Armor: Robe              |    48 |    30 |    10 ||    88
Dodge: Dodged            |    46 |    52 |    18 ||   116
